 Dungeon Crawl Stone Soup version 0.20-b1 (webtiles) character file.

173 inmateoo the Ducker (level 5, 0/42 HPs)
             Began as a Merfolk Fire Elementalist on May 19, 2017.
             Killed from afar by an orc wizard (9 damage)
             ... with a magic dart
             ... on level 3 of the Dungeon.
             The game lasted 00:04:38 (1876 turns).

inmateoo the Ducker (Merfolk Fire Elementalist)     Turns: 1876, Time: 00:04:39

Health: 0/42       AC: 11    Str:  9    XL:     5   Next: 53%
Magic:  8/8        EV:  5    Int: 14    God:
Gold:   142        SH:  0    Dex: 15    Spells: 7/8 levels left

rFire    . . .     SeeInvis .   f - +2 quarterstaff (chaos)
rCold    . . .     Gourm    .   (shield currently unavailable)
rNeg     . . .     Faith    .   e - +0 chain mail
rPois    .         Spirit   .   (no helmet)
rElec    .         Reflect  .   k - +2 cloak {+Inv}
rCorr    .         Harm     .   (no gloves)
MR       +....                  (no boots)
Stlth    ..........             (no amulet)
Regen    0.2/turn               j - ring of protection from magic
MPRegen  0.2/turn               (no ring)

@: no status effects
A: change form in water, swift swim, stealthy swim
a: Evoke Invisibility


You were on level 3 of the Dungeon.
You were not hungry.

You visited 1 branch of the dungeon, and saw 3 of its levels.

You collected 142 gold pieces.

Inventory:

Hand Weapons
 f - a +2 quarterstaff of chaos (weapon)
Armour
 e - a +0 chain mail (worn)
 k - a +2 cloak of invisibility (worn)
Jewellery
 j - a ring of protection from magic (left hand)
Scrolls
 d - a scroll of noise {unknown}
 g - 4 scrolls of identify {unknown}
 h - 3 scrolls of enchant weapon {unknown}
 n - a scroll of remove curse {unknown}
 p - a scroll of teleportation {unknown}
 q - a scroll of amnesia {unknown}
Potions
 a - a potion of curing
 l - a potion of brilliance {unknown}
 r - a potion of magic {unknown}
Books
 b - a book of Flames

   Spells                             Type                      Level
   a - Flame Tongue                   Conjuration/Fire             1
   b - Throw Flame                    Conjuration/Fire             2
   c - Conjure Flame                  Conjuration/Fire             3
   d - Inner Flame                    Hexes/Fire                   3
   e - Sticky Flame                   Conjuration/Fire             4
   f - Fireball                       Conjuration/Fire             5
Comestibles
 c - 2 bread rations
 i - 3 fruits
 m - a meat ration
 o - 2 chunks of flesh


   Skills:
 + Level 4.2 Fighting
 - Level 5.0 Dodging
 - Level 2.1 Stealth
 - Level 2.0 Spellcasting
 - Level 0.7 Conjurations
 - Level 2.1 Fire Magic


You had 7 spell levels left.
You knew the following spells:

 Your Spells              Type           Power        Failure   Level  Hunger
a - Flame Tongue          Conj/Fire      #....        100%        1    ##.....


Dungeon Overview and Level Annotations

Branches:
Dungeon (3/15)

Altars:
Dithmenos
Nemelex Xobeh


Message History

You feel sick.
You feel sick.
You feel sick.
You feel sick.
You feel sick.
You feel sick.
You feel sick.
You feel sick.
You feel sick.
You feel sick.
You see here a dagger.
You feel sick.
You feel sick.
The orc wizard casts a spell.
The orc wizard seems to speed up.
You feel sick.
You are no longer poisoned.
The orc wizard points at you and mumbles some strange words.
The magic dart hits you!
You die...

#.†##>#
##########.##.#
#...........#.#
#.........og#.#
#...........#.#
#..........(g.#
#..........#..#
#..........#..#
#[.........#.@#
#.)........##.##
#..........##..#
######
#..........###>#
#.....
############ #÷#
#.#### #.# #.....
#.###############
#........(# #
#########.#


You could see an orc wizard, a hobgoblin and a goblin.

Vanquished Creatures
  Crazy Yiuf (D:2)
  Terence (D:2)
  5 adders
  An adder skeleton (D:3)
  A worm (D:2)
  A dart slug (D:2)
  4 leopard geckos
  An orc (D:3)
  3 bats
  A giant cockroach (D:2)
  6 goblins
  11 hobgoblins
  9 jackals
  6 kobolds
  A quokka (D:2)
  3 frilled lizards
  5 rats
60 creatures vanquished.

Notes
Turn   | Place    | Note
-------+----------+-------------------------------------------
     0 | D:1      | inmateoo the Merfolk Fire Elementalist began the quest for the Orb.
     0 | D:1      | Reached XP level 1. HP: 13/13 MP: 3/3
    80 | D:1      | Reached skill level 3 in Dodging
   208 | D:2      | Reached XP level 2. HP: 17/19 MP: 0/5
   261 | D:2      | Reached skill level 4 in Dodging
   361 | D:2      | Reached XP level 3. HP: 19/24 MP: 4/6
   607 | D:2      | Noticed Terence
   862 | D:2      | Found a runed door.
   985 | D:2      | Reached skill level 5 in Dodging
  1040 | D:2      | Noticed Crazy Yiuf
  1047 | D:2      | Killed Crazy Yiuf
  1047 | D:2      | Reached XP level 4. HP: 33/33 MP: 5/7
  1103 | D:2      | Found a sparkling altar of Nemelex Xobeh.
  1106 | D:2      | Killed Terence
  1298 | D:2      | Reached XP level 5. HP: 36/41 MP: 8/8
  1667 | D:3      | Found a shadowy altar of Dithmenos.
  1876 | D:3      | Killed from afar by an orc wizard

Skill      XL: |  1  2  3  4  5 |
---------------+----------------+-----
Dodging        | 3 4 5 |  5.0
Fighting       | 2 3 4 |  4.2
Stealth        | |  2.1
Spellcasting   | |  2.0
Conjurations   | |  0.7
Fire Magic     | |  2.1

Action                   |  1- 3 |  4- 6 || total
-------------------------+-------+-------++-------
Melee: Dagger            |    16 |       ||    16
       Quarterstaff      |       |   126 ||   126
 Cast: Flame Tongue      |    38 |       ||    38
  Use: Potion            |     3 |       ||     3
  Eat: Chunk             |       |     4 ||     4
Armor: Robe              |     1 |     1 ||     2
       Chain mail        |       |   123 ||   123
Dodge: Dodged            |    31 |    61 ||    92
